AoeStats
← G2_pizza

Arena

508406922Analyzed
4v4 RM · 10d ago on Sep 22, 2026· 43m 10s· 8 players
Game mode
Random Map
Map size
Large (8 player)
Population
200
Speed
Normal
Resources
Standard
Victory
Conquest
Starting age
Dark Age
Ending age
Imperial Age
RankedLock teamsTeams togetherTeam positionsShared explorationLock speedFull tech treeHidden civsTurbo modeCheats
Victory
Defeat
🇵🇹 Ethiopians · Portugal
1326
+13
🇫🇷 Burgundians · France
1311
+14
🇨🇳 Teutons · China
1264
+16
🇳🇱 Magyars · Netherlands
1259
+17
🇨🇳 Magyars · China
1518
-23
🇨🇳 Turks · China
1500
-23
🇨🇳 Tatars · China
1202
-12
811
-2
Joossie
10:33 Feudal Age
14:12 Castle Age
12:55 Double-Bit Axe
12:51 Horse Collar
15:09 Wheelbarrow
15:04 Bow Saw
20:04 Wheelbarrow
20:41 Gold Mining
21:48 Heavy Plow
21:41 Loom
22:59 Stone Mining
28:53 Imperial Age
26:40 Hand Cart
26:17 Fletching
27:27 Thumb Ring
27:41 Padded Archer Armor
27:51 Bodkin Arrow
28:09 Bloodlines
27:59 Husbandry
29:07 Ballistics
28:59 Corvinian Army
29:34 Leather Archer Armor
29:22 Husbandry
29:36 Bracer
30:16 Scale Barding Armor
29:33 Cavalier
32:08 Chain Barding Armor
33:37 Plate Barding Armor
33:41 Conscription
34:58 Paladin
36:01 Light Cavalry
37:22 Hussar
38:22 Masonry
37:52 Treadmill Crane
40:49 Bracer
41:23 Recurve Bow
44:01 Chemistry
hotshotgg
10:50 Feudal Age
14:26 Castle Age
12:29 Double-Bit Axe
12:53 Horse Collar
15:35 Bow Saw
17:59 Wheelbarrow
19:47 Loom
22:01 Gold Mining
25:00 Heavy Plow
28:17 Imperial Age
28:10 Fletching
28:20 Padded Archer Armor
28:41 Hand Cart
28:53 Ballistics
28:24 Onager
29:14 Crossbowman
31:07 Chemistry
31:02 Bodkin Arrow
30:31 Arbalester
31:54 Thumb Ring
32:31 Bracer
32:48 Leather Archer Armor
33:28 Siege Onager
34:47 Siege Engineers
35:49 Ring Archer Armor
35:53 Conscription
37:09 Two-Man Saw
37:16 Scale Mail Armor
37:27 Forging
37:18 Squires
37:04 Arson
36:42 Halberdier
37:52 Torsion Engines
38:51 Chain Mail Armor
39:26 Iron Casting
40:50 Plate Mail Armor
42:19 Blast Furnace
42:34 Elite Shotel Warrior
Si TôT
11:48 Feudal Age
14:06 Loom
14:45 Double-Bit Axe
14:45 Horse Collar
17:10 Castle Age
15:52 Heavy Plow
16:05 Bow Saw
16:05 Gold Mining
17:54 Husbandry
20:01 Wheelbarrow
21:46 Scale Barding Armor
25:09 Chain Barding Armor
25:21 Forging
26:10 Cavalier
28:16 Stone Mining
29:22 Iron Casting
28:47 Padded Archer Armor
29:23 Iron Casting
31:03 Hand Cart
31:41 Gold Shaft Mining
36:25 Imperial Age
34:54 Iron Casting
34:28 Burgundian Vineyards
34:25 Town Watch
35:27 Elite Skirmisher
37:52 Crop Rotation
36:48 Paladin
38:28 Plate Barding Armor
38:20 Conscription
41:23 Blast Furnace
40:24 Padded Archer Armor
40:14 Fletching
40:00 Light Cavalry
iiiiice
5:51 Loom
8:41 Feudal Age
26:42 Castle Age
24:33 Double-Bit Axe
26:27 Scale Barding Armor
28:22 Bow Saw
35:06 Gold Mining
37:13 Wheelbarrow
40:04 Imperial Age
37:56 Scale Mail Armor
37:34 Pikeman
38:15 Squires
38:13 Arson
40:08 Chain Mail Armor
40:05 Forging
40:07 Halberdier
41:51 Plate Mail Armor
41:13 Fletching
小白妈妈
10:44 Feudal Age
11:11 Loom
11:57 Town Watch
18:27 Castle Age
28:49 Double-Bit Axe
29:02 Horse Collar
33:46 Wheelbarrow
34:36 Bow Saw
G2_pizza
12:10 Feudal Age
13:18 Double-Bit Axe
15:53 Castle Age
13:52 Horse Collar
16:14 Loom
16:48 Heavy Plow
16:46 Loom
20:47 Imperial Age
19:18 Bow Saw
20:40 Gold Mining
25:16 Wheelbarrow
32:58 Hand Cart
35:21 Town Watch
35:45 Scale Barding Armor
36:07 Heavy Camel Rider
36:58 Bloodlines
36:48 Husbandry
37:17 Chain Barding Armor
37:08 Forging
38:51 Plate Barding Armor
39:22 Conscription
39:40 Heavy Plow
此身为剑所天成
11:01 Loom
12:59 Feudal Age
17:15 Castle Age
15:31 Horse Collar
16:04 Double-Bit Axe
18:39 Heavy Plow
18:58 Bow Saw
22:16 Town Watch
31:34 Imperial Age
29:20 Gold Mining
29:20 Stone Mining
29:22 Elite Skirmisher
30:09 Thumb Ring
31:06 Wheelbarrow
33:30 Two-Man Saw
33:05 Crop Rotation
33:09 Hand Cart
32:54 Town Patrol
35:26 Husbandry
35:36 Bloodlines
34:52 Light Cavalry
41:47 Squires
41:33 Arson
-XJL-寒冰
11:35 Feudal Age
12:53 Loom
13:27 Double-Bit Axe
15:47 Castle Age
14:31 Gold Mining
14:23 Horse Collar
16:54 Bow Saw
18:36 Stone Mining
21:37 Wheelbarrow
21:41 Fletching
30:26 Imperial Age
28:32 Hand Cart
28:55 Gold Shaft Mining
29:24 Bodkin Arrow
29:53 Ballistics
29:46 Padded Archer Armor
30:24 Bloodlines
30:16 Husbandry
30:52 Silk Armor
31:14 Bracer
31:51 Conscription
32:01 Leather Archer Armor
32:49 Chemistry
31:32 Light Cavalry
33:23 Ring Archer Armor
32:33 Hussar
33:23 Heavy Cavalry Archer
34:10 Scale Barding Armor
35:21 Conscription
35:02 Elite Keshik
35:54 Forging
36:44 Chain Barding Armor
37:33 Iron Casting
36:21 Elite Skirmisher
38:33 Plate Barding Armor
40:04 Blast Furnace
40:22 Hussar
42:00 Timurid Siegecraft
41:56 Heavy Camel Rider
Connection lost

Rejoining the realm…

Still unreachable

The connection could not be restored.

Session expired

The server has moved on; the page needs a fresh start.